 Dungeon Crawl Stone Soup version 0.31-a0-743-g45f7035092 (webtiles) character file.

Game seed: 14762154466725761303

2612 iamoutofideas the Severer (level 9, 0/111 HPs)
             Began as a Hill Orc Berserker on Sept 12, 2023.
             Was a Priest of Trog.
             Slain by a scorpion (5 damage)
             ... on level 7 of the Dungeon.
             The game lasted 00:08:26 (6790 turns).

iamoutofideas the Severer (Hill Orc Berserker)      Turns: 6790, Time: 00:08:27

Health: 0/111      AC: -15   Str: 24    XL:     9   Next: 60%
Magic:  9/9        EV: 10    Int:  7    God:    Trog [***...]
Gold:   367        SH:  0    Dex: 10    Spells: 8/8 levels left

rFire   . . .        a - +0 hand axe
rCold   . . .        (no shield)
rNeg    . . .        m - +1 scale mail {rPois}
rPois   +            (no helmet)
rElec   .            (no cloak)
rCorr   .            (no gloves)
SInv    .            h - +0 pair of boots
Will    +....        (no amulet) Stlth
                     g - ring of Secrets {rPois Will+}
HPRegen 0.38/turn    r - +4 ring of protection
MPRegen 0.11/turn

%: no passive effects
@: berserking, lethally poisoned (0 -> -5), corroded, very quick
A: no striking features
a: Renounce Religion, Berserk, Trog's Hand


You were on level 7 of the Dungeon.
You worshipped Trog.
Trog was most pleased with you.
You visited 2 branches of the dungeon, and saw 8 of its levels.
You also visited: Sewer.

You collected 457 gold pieces.
You spent 90 gold pieces at shops.

Inventory:

Hand Weapons
 a - a +0 hand axe (weapon)
Missiles
 v - a curare-tipped dart
 C - 2 throwing nets
Armour
 h - a +0 pair of boots (worn)
 m - a +1 scale mail of poison resistance (worn)
Jewellery
 f - a +6 ring of dexterity
 g - the ring of Secrets (left hand) {rPois Will+}
   (You found it on level 2 of the Dungeon)

   [ring of poison resistance]

   rPois:     It protects you from poison Will+: It increases your willpower.
 k - a +6 ring of strength
 n - the ring "Archebluyw" {Ice Will++ Slay+4 Stlth+}
   (You found it on level 3 of the Dungeon)

   [ring of ice]

   Ice:       It enhances your ice magic.
   Slay+4:    It affects your accuracy & damage with ranged weapons and melee
   (+4).
   rF-:       It makes you vulnerable to fire.
   rC+:       It protects you from cold.
   Will++:    It greatly increases your willpower.
   Stlth+:    It makes you more stealthy.
 r - a +4 ring of protection (right hand)
Wands
 l - a wand of flame (17)
 A - a wand of mindburst (6)
Scrolls
 o - 3 scrolls of fog
 q - a scroll of enchant weapon
 s - a scroll of silence
 t - 2 scrolls of revelation
 w - 2 scrolls of fear {unknown}
 x - a scroll of summoning
 y - a scroll of blinking {unknown}
 B - a scroll of torment
Potions
 b - a potion of cancellation {unknown}
 c - a potion of mutation
 d - a potion of might
 e - a potion of haste {unknown}
 i - a potion of brilliance
 j - 3 potions of heal wounds
 p - 3 potions of curing
 u - a potion of enlightenment
 z - a potion of invisibility {unknown}


   Skills:
 + Level 5.1 Fighting
 + Level 16.1 Axes
 + Level 2.4 Armour
 - Level 1.7 Dodging


You had 8 spell levels left.
You didn't know any spells.
Your spell library contained the following spells:

 Spells                   Type           Power      Damage    Failure   Level
 Blink                    Tloc           0%         N/A       86%         2
 Lesser Beckoning         Tloc           0%         N/A       86%         2
 Momentum Strike          Conj/Tloc      0%         3d8       86%         2
 Sublimation of Blood     Necr           0%         N/A       86%         2
 Dazzling Flash           Conj/Hex       0%         N/A       98%         3
 Tukima's Dance           Hex            0%         N/A       98%         3
 Volatile Blastmotes      Fire/Tloc      0%         2d10      98%         3
 Dimensional Bullseye     Hex/Tloc       0%         N/A       100%        4
 Iskenderun's Mystic Bla  Conj/Tloc      0%         2d3       100%        4
 Passage of Golubria      Tloc           0%         N/A       100%        4
 Petrify                  Tmut/Erth      0%         N/A       100%        4
 Irradiate                Conj/Tmut      0%         3d11      100%        5
 Silence                  Hex/Air        0%         N/A       100%        5
 Starburst                Conj/Fire      0%         6d3       100%        6
 Lehudib's Crystal Spear  Conj/Erth      0%         10d2      100%        8
 Maxwell's Capacitive Co  Air            0%         ∞         100%        8


Dungeon Overview and Level Annotations

Branches:
Dungeon (7/15)             Temple (1/1) D:4           Sewer (visited)

Altars:
Ashenzari
Cheibriados
Dithmenos
Elyvilon
Fedhas
Gozag
Kikubaaqudgha
Nemelex Xobeh
Okawaru
Qazlal
Ru
Sif Muna
Trog
Uskayaw
Wu Jian
Xom
Yredelemnul
The Shining One

Shops:
D:7 !

Annotations:
D:5 1 runed translucent door, Darkkill's ghost, amateur MiHu


Message History

You hit the scorpion. The scorpion stings you!
You are poisoned.
The scorpion poisons you! The jelly hits you. The acid corrodes you!
You are splashed with acid!
* * * LOW HITPOINT WARNING * * *
You hit the jelly but do no damage.
Your hands burn!
* * * LOW HITPOINT WARNING * * *
The jelly is severely wounded.
You slash the scorpion!
You feel sick.
You hit the jelly but do no damage.
Your hands burn!
* * * LOW HITPOINT WARNING * * *
The jelly is severely wounded.
You barely miss the scorpion.
You feel sick. The scorpion barely misses you.
Unknown command.
You feel sick. The jelly attacks as it pursues you! The jelly hits you.
* * * LOW HITPOINT WARNING * * *
You are splashed with acid!
* * * LOW HITPOINT WARNING * * *
You are too berserk!
You hit the jelly but do no damage. The acid corrodes you!
Your hands burn!
* * * LOW HITPOINT WARNING * * *
The jelly is severely wounded.
You hit the plant but do no damage. You slash the plant!
The plant begins to die.
You hit the scorpion but do no damage.
* * * LOW HITPOINT WARNING * * *
You feel sick. The jelly closely misses you.
Unknown command.
You slice the jelly!!
You feel the power of Trog in you as your rage grows.
You kill the jelly!
Trog accepts your kill.
You hit the scorpion but do no damage. You hit the plant.
The plant begins to die.
You hit the plant but do no damage.
* * * LOW HITPOINT WARNING * * *
You feel sick.
Unknown command.
You hit the scorpion but do no damage.
The scorpion is heavily wounded.
You hit the plant but do no damage. x2; The scorpion stings you.
You die...

♣~~~.~≈≈~~♣♣♣.<.. ..
♣♣~~.~≈~≈≈P~♣♣.#. #.
♣≈~.~≈~~≈~~♣♣.#. # #.
♣♣~≈.~≈P≈≈~~~♣.# ♣~
#~♣♣♣~~~.~≈≈≈~~P♣..#
~~P♣♣~~~~~~~.~~~~~P♣#..#
P~~~P≈~~~~~~.~~~~~P##..#
~~~~~~~s~P~~.~~~~~..#####
........@.....~~~#.......
~P~~P~≈~~P~♣..~~##.##...#
~♣♣♣♣~≈~~♣~#.............
♣♣♣♣♣♣###.####.##)..# ~.
#.# #.#..... # #. #.#
#.###### ###. #.# #.# #.#
....###.# #.# #.#
..~~....###[# #.#


You could see a scorpion.

Vanquished Creatures
  Sigmund (D:3)
  A steam dragon (D:7)
  A water moccasin (D:5)
  2 ice beasts
  A sky beast (D:7)
  A black bear (D:6)
  A centaur (D:5)
  An ogre (D:7)
  A phantom (D:6)
  A bullfrog (D:6)
  3 kobold brigands
  5 scorpions
  6 killer bees (D:6)
  An electric eel (D:7)
  An orc priest (D:3)
  2 jellies
  A hound (D:5)
  A sleepcap (D:5)
  Jessica (D:3)
  4 iguanas
  Ijyb (D:3)
  Terence (D:2)
  Natasha (thrice) (D:3)
  7 gnolls
  12 adders
  4 river rats (Sewer)
  3 ufetubi
  3 worms
  3 dart slugs
  9 orcs
  2 bats
  5 endoplasms
  6 giant cockroaches
  3 goblins
  7 hobgoblins
  3 jackals
  17 kobolds
  4 quokkas
  8 ball pythons
  8 frilled lizards
  6 rats
151 creatures vanquished.

Notes
Turn   | Place    | Note
-------+----------+-------------------------------------------
     0 | D:1      | iamoutofideas the Hill Orc Berserker began the quest for
                  | the Orb.
     0 | D:1      | Reached XP level 1. HP: 19/19 MP: 1/1
   279 | D:1      | Reached XP level 2. HP: 26/27 MP: 2/2
   918 | D:2      | Reached XP level 3. HP: 33/33 MP: 3/3
   954 | D:2      | Identified the ring of Secrets {rPois Will+}
  1383 | D:2      | Found a faded altar of an unknown god.
  1468 | D:2      | Reached skill level 5 in Axes
  1711 | D:2      | Noticed Terence
  1722 | D:2      | Killed Terence
  1723 | D:2      | Reached XP level 4. HP: 31/41 MP: 4/4
  1824 | D:2      | Found a shimmering blue altar of Sif Muna.
  1980 | D:3      | Noticed Sigmund
  1990 | D:3      | Killed Sigmund
  1991 | D:3      | Reached skill level 5 in Fighting
  1991 | D:3      | Reached skill level 7 in Axes
  1991 | D:3      | Reached XP level 5. HP: 31/48 MP: 5/5
  1991 | D:3      | Reached XP level 6. HP: 37/56 MP: 6/6
  2160 | D:3      | Reached ** piety under Trog
  2161 | D:3      | Noticed Natasha
  2171 | D:3      | Killed Natasha
  2172 | D:3      | Reached skill level 8 in Axes
  2233 | D:3      | Found a snail-covered altar of Cheibriados.
  2243 | D:3      | Noticed Natasha
  2250 | D:3      | Killed Natasha
  2318 | D:3      | Noticed Jessica
  2325 | D:3      | Killed Jessica
  2376 | D:3      | Noticed Natasha
  2384 | D:3      | Killed Natasha
  2385 | D:3      | Reached skill level 9 in Axes
  2543 | D:3      | Noticed Ijyb
  2550 | D:3      | Killed Ijyb
  2551 | D:3      | Reached XP level 7. HP: 61/61 MP: 7/7
  2699 | D:3      | Identified the ring "Archebluyw" {Ice Will++ Slay+4 Stlth+}
  3171 | D:4      | Reached skill level 10 in Axes
  3405 | D:4      | Found a staircase to the Ecumenical Temple.
  3429 | Temple   | Entered the Ecumenical Temple
  3808 | D:5      | Entered Level 5 of the Dungeon
  3814 | D:5      | Reached skill level 11 in Axes
  3845 | D:4      | Reached XP level 8. HP: 26/68 MP: 8/8
  3851 | D:5      | Found an ancient bone altar of Kikubaaqudgha.
  4225 | D:5      | Reached skill level 12 in Axes
  4261 | D:5      | Found a runed translucent door.
  4266 | D:5      | Noticed Darkkill's ghost (amateur MiHu)
  4353 | D:5      | Found a glowing drain.
  4357 | Sewer    | Entered a sewer
  4445 | Sewer    | Reached skill level 13 in Axes
  5528 | D:6      | Reached skill level 14 in Axes
  5529 | D:6      | Reached XP level 9. HP: 74/74 MP: 9/9
  5598 | D:6      | Found a white marble altar of Elyvilon.
  5714 | D:6      | Found a stormy altar of Qazlal.
  5972 | D:6      | Found a sacrificial altar of Ru.
  6062 | D:6      | Reached skill level 15 in Axes
  6107 | D:6      | Reached *** piety under Trog
  6345 | D:7      | Found Arifol's Distillery.
  6383 | D:7      | Bought a potion of curing for 45 gold pieces
  6383 | D:7      | Bought a potion of curing for 45 gold pieces
  6612 | D:7      | Reached skill level 16 in Axes
  6748 | D:7      | Found a hide-covered altar of Uskayaw.
  6789 | D:7      | HP: 5/111 [poisoned by a scorpion]
  6790 | D:7      | Slain by a scorpion

Illustrated notes

Levels and vault maps discovered:
D:1:      tekkud_arrival_beachfront_property, layout_loops_ring
D:2:      layout_loops_corners, shapermc_ecumenical_altar_mp_highgroup,
          basic_altar, uniq_terence
D:3:      layout_basic, mainiacjoe_overflow_cross_hatched,
          minmay_pentomino_pile, uniq_jessica, uniq_ijyb, uniq_sigmund,
          uniq_natasha
D:4:      layout_loops_ring, minmay_temple_entry_overgrown
D:5:      layout_basic, kiku_gazebo_pond_becter, gup_sewer_entry_bowl,
          ebering_ghost_reflecting_pool, hangedman_decor_peaks_small
D:6:      layout_gridville, mainiacjoe_overflow_tiny_flanked,
          mainiacjoe_overflow_brackets, elyvilon_altar_3
D:7:      layout_loops_ring, mainiacjoe_overflow_small_starburst,
          lemuel_coloured_pillars_altar, serial_shops, shop, st_stairs_8,
          chequers_serial_rivers_small_3, minivault_19, serial_bayou_lagoon_b
Temple:   minmay_temple_curvy_loop

Skill      XL: |  1  2  3  4  5  6  7  8  9 |
---------------+----------------------------+-----
Fighting       | 4 5 |  5.1
Axes           | 5 7 9 11 14 16 | 16.1
Armour         | |  2.4
Dodging        | |  1.7

Action                     |  1- 3 |  4- 6 |  7- 9 || total
---------------------------+-------+-------+-------++-------
  Melee: Hand axe          |   126 |    78 |   456 ||   660
         Punch             |     1 |     2 |     1 ||     4
 Invoke: Berserk           |     1 |     5 |    10 ||    16
         Trog's Hand       |       |       |     1 ||     1
    Use: Scroll            |     1 |       |    12 ||    13
 Armour: Animal skin       |     9 |       |       ||     9
         Scale mail        |    49 |    54 |   231 ||   334
  Dodge: Dodged            |    58 |    28 |   174 ||   260

Table legend: (Time is in decaauts)
 A = Elapsed time spent in this place.
 B = Non-inter-level travel time spent in this place.
 C = Inter-level travel time spent in this place.
 D = Time resting spent in this place.
 E = Time spent auto-exploring this place.
 F = Levels seen in this place.
 G = Mean time per level.
                   A        B        C        D        E       F      G
               +--------+--------+--------+--------+--------+-----+--------+
         Total |   6932 |   6755 |    177 |    380 |   5216 |   9 |  770.2 |
       Dungeon |   6124 |   5949 |    175 |    380 |   4618 |   7 |  874.9 |
        Temple |      1 |      0 |      1 |      0 |      0 |   1 |    1.0 |
         Sewer |    805 |    805 |      0 |      0 |    598 |   1 |  805.0 |
               +--------+--------+--------+--------+--------+-----+--------+

Top non-repeatable levels by time:
     D:2: 1171 daAuts
     D:5: 1016 daAuts
     D:3: 961 daAuts
     D:4: 920 daAuts
     D:1: 809 daAuts
   Sewer: 805 daAuts
     D:6: 798 daAuts
     D:7: 448 daAuts
  Temple: 1 daAuts
